[Event "*** Titled Tuesday Blitz"]
[Site "Chess.com"]
[Date "2020.11.10"]
[Round "6"]
[White "elohunter1999"]
[Black "ExtremeLearner"]
[Result "0-1"]
[WhiteElo "2536"]
[BlackElo "2404"]
[TimeControl "180+1"]
[EndTime "11:11:35 PST"]
[Termination "ExtremeLearner won by resignation"]

1. e4 c6 2. Nc3 d5 3. Nf3 Bg4 4. h3 Bxf3 5. Qxf3 e6 6. Be2 d4 7.
Nb1 c5 8. Bb5+ Nc6 9. Bxc6+ bxc6 10. d3 Nf6 11. O-O Bd6 12. Nd2 O-O 13. Nc4 e5 14. g3 Qe7 15. Qg2 Nd7 16. f4 f6 17. f5 Nb6 18. b3 Nxc4 19. bxc4 Bc7 20. Bd2 Qd8 21.
g4 Ba5 22. h4 Rb8 23. g5 Kh8 24. Kh2 Rb2 25. Rac1 Bxd2 26. Qxd2 Qe8 27. Qe2 Qe7 28. Rg1 Rxa2 29. Rg2 Rb2 30. Rcg1 Rb7 31. Qh5 a5 32. gxf6 gxf6 33. Qg4 Qf7 34. h5 Rbb8 35. h6 Rg8 36. Qh4 Rxg2+ 37. Rxg2 Rg8 38. Rxg8+ Kxg8 39. Qg4+ Kf8 40.
Qd1 a4 41. Qa1 Qh5+ 42. Kg1 Qg4+ 43. Kf2 Qf4+ 44. Kg2 Qd2+ 45. Kg3 Qxc2 46. Qa3 Ke8 47. Qxc5 Qxd3+ 48. Kf2 Qe3+ 49. Kf1 Qd3+ 50. Kf2 Qxe4 51. Qa7 Qxf5+ 52. Ke1 Qb1+ 53. Kf2 Qc2+ 54. Kg3 a3 55. Qb8+ Kd7 56. Qb7+ Kd6 57. Qb4+ Ke6 58. Qf8 Kf5 59. Qg7 Qd3+ 60. Kh4 Qe4+ 61. Kh3 Qf3+ 62. Kh2 Ke4 63. Qxh7+ Ke3 64. Qg7 Kf2 65. Qg1+ Ke2 66. Qg2+ Qxg2+ 67. Kxg2 a2 68. h7 a1=Q 69. h8=Q Qf1+ 70. Kh2 Qf4+ 71. Kh1 Kf2 72. Qh3 Qf3+ 73. Qxf3+ Kxf3 74. c5 d3 75. Kg1 d2 76. Kh2 0-1

[Event "*** Titled Tuesday Blitz"]
[Site "Chess.com"]
[Date "2020.11.10"]
[Round "6"]
[White "gui_borba"]
[Black "misterlamine"]
[Result "1/2-1/2"]
[WhiteElo "2433"]
[BlackElo "2292"]
[TimeControl "180+1"]
[EndTime "11:11:44 PST"]
[Termination "Game drawn - insufficient material"]

1. d4 Nf6 2. Bf4 g6 3. Nc3 Bg7 4. e4 O-O 5. Qd2 d6 6. O-O-O Nbd7 7. e5 Ne8 8. Nf3 Nb6 9. h4 Bg4 10. Be2 h5 11. Bh6 Bxf3 12. Bxf3 dxe5 13. d5 Nc4 14.
Qg5 Qd6 15. Be2 Nxb2 16. Bxg7 Kxg7 17. Ne4 Qa3 18. Qxe5+ Nf6 19. Qxb2 Qxb2+ 20. Kxb2 Nxe4 21. Rhf1 Rad8 22. c4 Nc5 23. Kc3 b6 24. Bf3 e6 25.
Rfe1 exd5 26. cxd5 Rfe8 27. Kc4 a6 28. Rxe8 Rxe8 29. d6 cxd6 30. Rxd6 Rb8 31. Bd5 Rc8 32. Kd4 Rb8 33. g3 Kf8 34. Rf6 Rd8 35. Rxf7+ Ke8 36. Ra7 Ne6+ 37. Ke5 Nc5 38. Bf7+ Kf8 39. Bxg6 Nd3+ 40.
Bxd3 Rxd3 41. Rxa6 Rd2 42. Kf6 Rxf2+ 43. Kg5 Rf3 44.
Kxh5 Rxg3 45. Rxb6 Ra3 46. Rb2 Kg7 47. Kg4 Ra4+ 48.
Kf5 Rxh4 49. Ke6 Rd4 50. Rf2 Rd3 51. Ke5 Rd8 52. Ke6 Rd3 53. Ke5 Kg6 54. Ke4 Rd8 55.
a4 Ra8 56. Ra2 Kf6 57. a5 Ke6 58. Kd4 Kd6 59. Kc4 Kc6 60. Kb4 Rb8+ 61. Ka4 Ra8 62.
Rc2+ Kb7 63. Kb5 Re8 64. Rc5 Re4 65. Rh5 Re1 66. Rh7+ Kb8 67. Ka6 Re6+ 68. Kb5 Re5+ 69. Kb6 Re6+ 70. Kc5 Re5+ 71. Kb4 Re4+ 72. Kc3 Re3+ 73.
Kd4 Ra3 74. Rh5 Kb7 75. Kc4 Ra1 76. Rh3 Rxa5 77. Rb3+ Ka6 78. Kb4 Rb5+ 79. Kc3 Rxb3+ 80. Kxb3 1/2-1/2

[Event "*** Titled Tuesday Blitz"]
[Site "Chess.com"]
[Date "2020.11.10"]
[Round "6"]
[White "swisspower96"]
[Black "mapleaff"]
[Result "0-1"]
[WhiteElo "2548"]
[BlackElo "2382"]
[TimeControl "180+1"]
[EndTime "11:11:47 PST"]
[Termination "mapleaff won by resignation"]

1. g4 Nc6 2. Bg2 d5 3. h3 h5 4. g5 e5 5. d3 g6 6. c4 dxc4 7. dxc4 Qxd1+ 8. Kxd1 Nd4 9. e3 Ne6 10. h4 c6 11. Nc3 Bg7 12. b3 Ne7 13. Bb2 O-O 14.
Kc2 Nc5 15. b4 Na6 16. a3 Be6 17. c5 Rfd8 18. Nge2 Nc7 19. Ng3 a5 20. Nge4 axb4 21. axb4 Na6 22. Ba3 Bf5 23. Kb2 Nd5 24. Nxd5 cxd5 25. Nd6 e4+ 26. Kb3 Bxa1 27. Rxa1 Be6 28. Kb2 b6 29. Nb7 Rdc8 30. cxb6 Rc6 31. Nc5 Rxb6 32. Nxa6 Rbxa6 33. Bf1 R6a7 34. b5 Rb7 35. Rc1 Bd7 36. Rc5 f5 37. Bb4 Rab8 38. Kc3 Bxb5 39.
Bxb5 Rxb5 40. Rc6 R5b7 41. Rxg6+ Kh7 42. Rh6+ Kg7 43. Bc5 Rc7 44. Kd4 Rb3 45. Bd6 Rd3+ 46. Ke5 Rc8 47. Re6 Rd2 48. Be7 Re8 49. Bf6+ Kf7 50.
Rxe8 Kxe8 51. g6 Kf8 52. Ke6 Rxf2 53. Bg5 f4 54. exf4 e3 55. f5 e2 56. Bd2 Rf1 57. Bb4+ Kg8 58. f6 e1=Q+ 59. Bxe1 Rxe1+ 60. Kxd5 Rf1 61. Ke6 Rf2 62. Ke7 Rf3 63. Ke6 Rf1 64. Ke7 Rf2 65. Ke6 Kf8 66. Ke5 Rf3 67. Ke6 Re3+ 68. Kf5 Kg8 69.
Kg5 Re5+ 70. Kh6 Rd5 71. f7+ Kf8 72. Kh7 Rd8 73. g7+ Kxf7 74. Kh6 Rg8 75. Kxh5 Rxg7 76. Kh6 Rg4 77. h5 Kf6 78. Kh7 Rg5 79. h6 Kf7 80.
Kh8 Rh5 81. h7 Kg6 82. Kg8 Rxh7 83. Kf8 Rf7+ 84. Ke8 Kf6 0-1

[Event "*** Titled Tuesday Blitz"]
[Site "Chess.com"]
[Date "2020.11.10"]
[Round "6"]
[White "maciek_92"]
[Black "Chigorinetz"]
[Result "1-0"]
[WhiteElo "2769"]
[BlackElo "2550"]
[TimeControl "180+1"]
[EndTime "11:11:50 PST"]
[Termination "maciek_92 won on time"]

1. e4 c5 2. Nf3 Nc6 3. d4 cxd4 4. Nxd4 g6 5. c4 Bg7 6. Be3 Nf6 7. Nc3 Ng4 8. Qxg4 Nxd4 9. Qd1 Ne6 10. Qd2 Qa5 11.
Rc1 b6 12. Be2 Bb7 13. O-O Bxc3 14. Rxc3 Bxe4 15. Bh6 f6 16. a3 Bc6 17. b4 Qf5 18. Rd1 Rd8 19. h3 Kf7 20. Bg4 Qe4 21. Bf3 Qf5 22.
Bg4 Qe4 23. f3 Qe5 24. Re3 Qc7 25. Rde1 f5 26. Qc3 Rhg8 27. h4 fxg4 28. fxg4 Ke8 29.
Qd3 Qd6 30. Qe2 Rc8 31. Rd1 Nd4 32. Qf2 Kd8 33. Red3 e5 34. Bg5+ Kc7 35. Rxd4 Qxd4 36. Rxd4 exd4 37. Bf4+ Kb7 38. b5 Be4 39. Qxd4 Rge8 40.
Qxd7+ Ka8 41. c5 bxc5 42. Bc7 Bb7 43. b6 a6 44. Bd6 c4 45. Bc7 c3 46. Qd3 c2 47. Qxc2 Re6 48. h5 Rxb6 49. hxg6 Rxg6 50. Qd3 Rxc7 51. Qd8+ Rc8 52. Qd7 Rgc6 53. Qxh7 Rc1+ 54. Kf2 R1c3 55. g5 Rxa3 56. Qf5 Rd8 57. Ke2 Rc8 58. g6 Ra2+ 59. Ke3 Ra4 60. g7 Rc3+ 61. Kd2 Rc8 62.
Qxc8+ Bxc8 63. g8=Q Rb4 64. Qd5+ Bb7 65. Qc5 Rb5 66. Qf8+ Ka7 67. g4 Rd5+ 68. Ke3 Rb5 69. Qf6 a5 70. g5 a4 71. g6 a3 72. g7 Bd5 73. Qe7+ Ka6 74. Qxa3+ Kb6 75. Qd6+ Ka5 76. Kd4 Bb3 77. Qc7+ Kb4 78. Qd6+ Ka4 79. Kc3 1-0

[Event "*** Titled Tuesday Blitz"]
[Site "Chess.com"]
[Date "2020.11.10"]
[Round "6"]
[White "PriSachu"]
[Black "Gabrielian_Artur"]
[Result "0-1"]
[WhiteElo "2517"]
[BlackElo "2781"]
[TimeControl "180+1"]
[EndTime "11:11:50 PST"]
[Termination "Gabrielian_Artur won on time"]

1. e4 c5 2. Nf3 d6 3. d4 cxd4 4. Nxd4 Nf6 5. Nc3 Nc6 6. Bg5 e6 7. Qd2 a6 8. O-O-O Bd7 9. f4 Be7 10. Bxf6 Bxf6 11. Nxc6 Bxc6 12. Qxd6 Qxd6 13. Rxd6 Bxc3 14.
bxc3 Bxe4 15. Bd3 Ke7 16. Rb6 Bxg2 17. Rg1 Bd5 18. Rxg7 Rag8 19. Rxg8 Rxg8 20. Bxh7 Rh8 21. Bd3 Rxh2 22. c4 Bc6 23. c5 Kd7 24. f5 e5 25.
Rb4 Rf2 26. Rh4 Ke7 27. Rb4 a5 28. Rh4 Kf6 29. Rh6+ Kg7 30. Rh4 Rf4 31. Rxf4 exf4 32. Kd2 Kf6 33. Ke2 Ke5 34. c3 Be4 35. Bc4 f6 36.
Be6 Bxf5 37. c6 bxc6 38. Bc4 c5 39. a3 Be4 40. Kf2 f5 41. Bb5 Bc2 42. Ke2 Be4 43.
Kf2 Bd5 44. Ke2 f3+ 45. Ke3 f4+ 46. Kf2 c4 47. Be8 Ke4 48. Bg6+ Ke5 49. Be8 Be6 50. Bc6 Bf5 51. Kxf3 Bd3 52. Be8 Be4+ 53. Kf2 Bf5 54. Bc6 Bg4 55. Be8 Bd1 56. Bg6 Bg4 57. Bf7 Bf5 58. Bxc4 Ke4 59. Ba2 Bd7 60. Bb1+ Kd5 61. Bd3 Bg4 62. Bb5 Kc5 63. Bd3 Kd5 64. Bb5 Ke4 65. Bf1 Ke5 66. Bd3 Be6 67. Kf3 Bd5+ 68.
Kf2 Bc6 69. Bc4 Kd6 70. Bd3 Kc5 71. Be2 Bb5 72. Bd1 Bd3 73. Bb3 Bc4 74. Bc2 Bd5 75. Bd3 Bc6 76. Be2 Be4 77. Ba6 Bd5 78. Be2 a4 0-1

[Event "*** Titled Tuesday Blitz"]
[Site "Chess.com"]
[Date "2020.11.10"]
[Round "6"]
[White "GameOverBro"]
[Black "Blitzstream"]
[Result "1/2-1/2"]
[WhiteElo "2516"]
[BlackElo "2716"]
[TimeControl "180+1"]
[EndTime "11:11:57 PST"]
[Termination "Game drawn by 50-move rule"]

1. e4 d5 2. exd5 Qxd5 3. Nc3 Qa5 4. d4 Nf6 5. Nf3 c6 6. Ne5 Be6 7. Bc4 Bxc4 8. Nxc4 Qa6 9. Qe2 e6 10. O-O Nbd7 11. Re1 Bb4 12. Bd2 O-O 13. a3 Bxc3 14.
Bxc3 Nb6 15. Ne5 Qxe2 16. Rxe2 Rfd8 17. Nf3 Nbd5 18. Bd2 Ne7 19. Bg5 Nf5 20. Bxf6 gxf6 21. c3 Rd7 22. Rae1 Rad8 23. g4 Nd6 24. Kg2 a5 25. Kg3 a4 26. Nd2 b5 27. h4 f5 28. f3 Kg7 29. Kf4 fxg4 30. fxg4 h6 31. Re5 Ne8 32. Ne4 Rd5 33. Nc5 Nd6 34. Rxe6 Rxc5 35.
dxc5 fxe6 36. cxd6 Rxd6 37. Re2 Kf6 38. g5+ hxg5+ 39.
hxg5+ Kf7 40. Rh2 Rd5 41. Rh7+ Kg6 42. Rh6+ Kf7 43. Rh7+ Kg6 44. Re7 Rf5+ 45. Ke4 Kxg5 46. Rxe6 Rf2 47. Rxc6 Rxb2 48. Kd4 Rb3 49. Rb6 Kf5 50.
Rb8 Ke6 51. Rb6+ Kd7 52. Kc5 Rxa3 53. Rxb5 Rxc3+ 54. Kb4 Rc1 55. Kxa4 Kc6 56. Rb4 Ra1+ 57. Kb3 Kd5 58. Rh4 Rb1+ 59. Kc3 Rb8 60. Rh5+ Kd6 61. Rh4 Ra8 62. Kd3 Ra2 63. Kc3 Ra3+ 64. Kb4 Ra1 65. Rc4 Rb1+ 66. Kc3 Kd5 67. Rd4+ Kc5 68. Rh4 Rc1+ 69.
Kd3 Ra1 70. Rh5+ Kd6 71. Rh8 Ke5 72. Re8+ Kd6 73. Rd8+ Kc7 74. Rh8 Kc6 75. Rh5 Ra3+ 76. Kd4 Ra4+ 77. Kc3 Rg4 78. Rf5 Rg1 79. Rh5 Rc1+ 80. Kd3 Rd1+ 81. Ke3 Ra1 82. Kd3 Ra3+ 83. Kc4 Ra4+ 84. Kb3 Ra8 85. Kc3 Kd6 86. Kc4 Ke6 87. Kd4 Kf6 88. Rb5 Rh8 89. Rd5 Ke6 90. Re5+ Kd6 91. Re4 Kc6 92. Re6+ Kd7 93. Rg6 Ra8 94.
Rg7+ Ke6 95. Rg6+ Kf5 96. Rb6 Rd8+ 97. Kc5 Rd1 98. Rc6 Ke5 99. Kb6 Kd5 100. Rh6 Rb1+ 101.
Kc7 Rc1+ 102. Kd7 Ra1 103. Rh5+ Ke4 104. Kd6 Ra6+ 105. Kc7 1/2-1/2

[Event "*** Titled Tuesday Blitz"]
[Site "Chess.com"]
[Date "2020.11.10"]
[Round "6"]
[White "TokChess"]
[Black "Flawless_Fighter"]
[Result "1-0"]
[WhiteElo "2456"]
[BlackElo "2590"]
[TimeControl "180+1"]
[EndTime "11:12:05 PST"]
[Termination "TokChess won by checkmate"]

1. Nf3 Nf6 2. g3 d5 3. Bg2 e6 4. O-O Be7 5. d4 O-O 6. c4 dxc4 7. Qc2 a6 8. a4 Bd7 9. Bg5 Bc6 10. Qxc4 Bd5 11.
Qc2 Be4 12. Qb3 Bd5 13. Qd1 Nbd7 14. Nc3 Bxf3 15. Bxf3 c6 16. Qb3 Qb6 17. Qxb6 Nxb6 18. Bxf6 Bxf6 19. e3 Nc4 20. Kg2 a5 21. Rfc1 Nb6 22.
Ne4 Be7 23. Nc5 Bxc5 24. Rxc5 Rfd8 25. b3 f5 26. h4 Kf7 27. Kf1 g6 28. Ke2 Nd7 29. Rc3 Nf6 30. Rh1 Ra6 31. Rb1 Rb6 32. Rc5 Ra8 33. Kd2 Nd7 34. Rc4 Rd8 35. Kc2 e5 36. Rd1 e4 37. Be2 Nf6 38. Rc5 Ke7 39.
Rxa5 Nd5 40. Rc5 Nb4+ 41. Kc3 Nd5+ 42. Kb2 Ra8 43. Bc4 Nf6 44. Be2 Rxa4 45. Rh1 Rab4 46. Bd1 h5 47. Bc2 Nd5 48. Ra1 Nc7 49. Bd1 Kd6 50.
Kc3 Nd5+ 51. Kb2 Nc7 52. Ra7 R4b5 53. Rxb5 Rxb5 54. Be2 Rb6 55. Bc4 Kd7 56. Ra5 Ke7 57.
Ka3 Kf6 58. Ka4 Ne8 59. Re5 Nc7 60. Ka5 Rb5+ 61. Bxb5 Nxb5 62. Rxb5 cxb5 63. Kxb5 g5 64. hxg5+ Kxg5 65. Kc5 Kg4 66. d5 f4 67. d6 fxg3 68. fxg3 Kxg3 69. d7 h4 70. d8=Q h3 71. Qg5+ Kf2 72. Qf4+ Kg2 73. Qxe4+ Kg1 74. Qxb7 h2 75. Qg7+ Kh1 76. Qh6 Kg1 77. Qxh2+ Kxh2 78. e4 Kg3 79. e5 Kf4 80. Kd6 Ke4 81. e6 Kd3 82. e7 Kc3 83. e8=Q Kb2 84. Qe5+ Ka3 85. b4 Ka4 86. b5 Ka5 87.
Qc5 Ka4 88. b6 Kb3 89. b7 Ka4 90. Qa7+ Kb3 91. Qb6+ Kc4 92. b8=Q Kd3 93. Q8c7 Ke4 94. Kd7 Kf5 95. Kc8 Ke4 96. Qbd6 Ke3 97. Qce7+ Kf3 98.
Qdf6+ Kg4 99. Qeg7+ Kh3 100. Qfh6# 1-0

[Event "*** Titled Tuesday Blitz"]
[Site "Chess.com"]
[Date "2020.11.10"]
[Round "6"]
[White "banane_verte"]
[Black "Pertinhez76"]
[Result "0-1"]
[WhiteElo "2384"]
[BlackElo "2128"]
[TimeControl "180+1"]
[EndTime "11:12:37 PST"]
[Termination "Pertinhez76 won on time"]

1. e4 e6 2. g3 c5 3. Bg2 Nc6 4. d3 g6 5. Nd2 Bg7 6. Ngf3 Nge7 7. O-O d6 8. Re1 O-O 9. Nf1 Qc7 10. Bf4 b5 11. Qd2 a5 12. Bh6 f5 13. h4 Nd4 14.
Bxg7 Kxg7 15. exf5 Nxf3+ 16. Bxf3 Bb7 17. Bxb7 Qxb7 18. fxe6 Rf6 19. h5 b4 20. h6+ Kh8 21. Qg5 Raf8 22. Re2 Qf3 23. Rae1 a4 24. Nd2 Qf5 25.
Ne4 Rxe6 26. Qxf5 Nxf5 27. Ng5 Rxe2 28. Rxe2 Nxh6 29. Re6 Rd8 30. Re7 Kg8 31. Rxh7 Nf5 32. Ra7 b3 33. cxb3 axb3 34. a4 Nd4 35. a5 Re8 36. a6 Re1+ 37. Kg2 Ra1 38. Ra8+ Kg7 39. a7 Nc6 40. Ne6+ Kh7 41. Nf8+ Kh6 42. Ne6 Rxa7 43. Rc8 Ne5 44. d4 cxd4 45. Nxd4 Ra2 46.
Nxb3 Rxb2 47. Nd4 Ng4 48. Rf8 Ne3+ 49. Kf3 Nd1 50. Kg2 Ne3+ 51. Kh3 Nd1 52. Ne6 g5 53.
Rf6+ Kh7 54. Nxg5+ Kg7 55. Rxd6 Nxf2+ 56. Kh4 Rb4+ 57.
Kh5 Rb1 58. Rd7+ Kg8 59. g4 Rb5 60. Rd8+ Kg7 61. Rd7+ Kg8 62. Kh6 Nxg4+ 63. Kg6 Ne5+ 64. Kh6 Nxd7 65. Kh5 Nf8 66. Kh6 Ne6 67. Nf3 Rb3 68. Ne5 Rh3+ 69. Kg6 Nf8+ 70. Kf6 Rg3 71. Kf5 Rh3 72. Kg4 Rh1 73. Kf5 Re1 74. Kf4 Kg7 75.
Ng4 Rf1+ 76. Kg3 Rg1+ 77. Kf3 Ng6 78. Ne3 Nh4+ 79. Kf2 Ra1 80. Ke2 Ra2+ 81. Kd3 Ra3+ 82. Kd2 Kg6 83. Nc2 Rh3 84. Kc1 Kf5 85. Kb2 Ke4 86.
Nb4 Nf5 87. Na2 Kd4 88. Nc1 Nd6 89. Nb3+ Kc4 90. Nd2+ Kb4 91. Kc2 Rg3 92. Kb2 Rg2 93. Kc1 Kc3 94. Nb1+ Kd3 0-1

[Event "*** Titled Tuesday Blitz"]
[Site "Chess.com"]
[Date "2020.11.10"]
[Round "6"]
[White "AnishOnYoutube"]
[Black "TimofeevAr"]
[Result "0-1"]
[WhiteElo "2969"]
[BlackElo "2858"]
[TimeControl "180+1"]
[EndTime "11:12:39 PST"]
[Termination "TimofeevAr won on time"]

1. e4 d5 2. exd5 Nf6 3. Nf3 Nxd5 4. d4 g6 5. c4 Nf6 6. Nc3 Bg7 7. Be2 O-O 8. O-O Nbd7 9. h3 c6 10. Be3 a5 11. Qc2 Nb6 12. Rad1 Bf5 13. Qc1 a4 14.
Rfe1 Ne4 15. Nxe4 Bxe4 16. Ne5 Bf5 17. Bf1 Nd7 18. Nf3 Nf6 19. Bf4 Re8 20. Be5 Qa5 21. a3 Rad8 22. g4 Bc8 23. Qf4 Qb6 24. Bc7 Qxb2 25.
Bxd8 Rxd8 26. Rd3 e6 27. Qc7 Rf8 28. Ne5 Ne8 29. Qa5 Nd6 30. Qxa4 b5 31. cxb5 cxb5 32. Qb3 Qxb3 33. Rxb3 Bb7 34. Bxb5 Bd5 35. Rb4 Nxb5 36. Rxb5 Ra8 37. Nd7 Bxd4 38. Rd1 Bc3 39. Nb6 Rxa3 40. Nxd5 exd5 41. Rbxd5 Bf6 42. Kg2 Kg7 43. Rd7 Ra4 44.
Rb1 Rf4 45. Rb3 g5 46. Rf3 Re4 47. Rf5 h6 48. Rd3 Re6 49. Rfd5 Re4 50. Rd6 Rb4 51. Rd7 Re4 52. Rb7 Rf4 53. Rf3 Rc4 54. Rd7 Re4 55. Rd6 Be5 56. Rdd3 Bf6 57. Rb3 Rc4 58. Rfe3 Rf4 59. Re2 Ra4 60. Rbe3 Rc4 61. Re4 Rc5 62.
R2e3 Ra5 63. Rf3 Rb5 64. Rc4 Rd5 65. Re3 Ra5 66. Rb4 Rd5 67. Reb3 Rc5 68. Rb5 Rc4 69.
R3b4 Rc3 70. Rb1 Rc4 71. R5b4 Rc3 72. R1b3 Rc5 73. Rd3 Ra5 74. Re4 Rc5 75. Rd2 Ra5 76. Rc2 Rb5 77. Rce2 Ra5 78. f4 gxf4 79. Rxf4 Bg5 80.
Rf5 Ra4 81. Ref2 f6 82. Kg3 h5 83. R5f3 hxg4 84. hxg4 Kg6 85. Rd3 Rb4 86. Rff3 Ra4 87. Rd8 Rb4 88. Rg8+ Kh7 89. Rc8 Kg6 90. Rc7 Ra4 91.
Rd7 Rb4 92. Kh3 Ra4 93. Rb3 Ra8 94. Rbb7 Rg8 95. Kg2 Bh6 96. Kf3 Bg5 97. Re7 Bh6 98.
Re6 Bg5 0-1

[Event "*** Titled Tuesday Blitz"]
[Site "Chess.com"]
[Date "2020.11.10"]
[Round "6"]
[White "LaStreetCmaMaison"]
[Black "Grandelicious"]
[Result "1/2-1/2"]
[WhiteElo "2648"]
[BlackElo "2797"]
[TimeControl "180+1"]
[EndTime "11:12:53 PST"]
[Termination "Game drawn by agreement"]

1. e4 c6 2. d4 d5 3. Nc3 dxe4 4. Nxe4 Nf6 5. Nxf6+ exf6 6. Nf3 Bd6 7. g3 O-O 8. Bg2 Re8+ 9. Be3 Qb6 10. Rb1 Qa5+ 11.
Qd2 Qxa2 12. O-O Qd5 13. Rfe1 Bf8 14. Bf4 Rxe1+ 15. Rxe1 Qd8 16. c4 Na6 17. Qc2 Be6 18. Be3 Rc8 19. Ra1 Nb4 20. Qe2 a5 21. b3 b6 22. h4 Qd7 23. Nd2 Nc2 24. Rd1 Nxd4 25. Qd3 Nf5 26. Qxd7 Bxd7 27. Bxb6 Bb4 28. Ne4 Be6 29. Nc5 Bxc5 30. Bxc5 h5 31. Ra1 Rb8 32. Ra3 a4 33. bxa4 Bxc4 34. Bxc6 Rc8 35. Be4 Rxc5 36.
a5 Nd6 37. Bf3 Ba6 38. Kh2 Kf8 39. Ra2 Ke7 40. Ra1 g6 41. Re1+ Kd7 42. Ra1 Kc7 43.
Bg2 Nc4 44. Re1 Nxa5 45. Re7+ Kd6 46. Rxf7 Rf5 47. Be4 Bc4 48. Ra7 Re5 49. Bxg6 Nc6 50. Rh7 Be2 51. f4 Re3 52. f5 Bg4 53. Bxh5 Bxf5 54.
Rh6 Ke7 55. Bg6 Bxg6 56. Rxg6 Ne5 57. Rg7+ Ke6 58. h5 Kf5 59. h6 Ng4+ 60. Kh3 Nxh6 61.
Kh4 Re1 62. Kh3 Re4 63. Rh7 Ng4 64. Ra7 Kg6 65. Ra5 Ne5 66. Kg2 Rc4 67. Kh3 Rc2 68. Ra8 Rc8 69. Rxc8 Kg5 70. Ra8 Ng6 71. Ra5+ f5 72.
Kg2 Kg4 73. Ra6 Kg5 74. Ra4 f4 75. Kf3 fxg3 76. Kxg3 Kf5 77. Ra5+ Ne5 78. Kf2 Ke4 79. Ra4+ Kd5 80. Ra2 Nc4 81. Rc2 Ne5 82. Ke3 Nc4+ 83.
Kd3 Ne5+ 84. Kc3 Ke4 85. Re2+ Kf4 86. Kd4 Nf3+ 87. Kd5 Kf5 88. Rf2 Kf4 89. Re2 Kf5 90.
Re8 Ng5 91. Rf8+ Kg4 92. Ke5 Nf3+ 93. Ke4 Ng5+ 94. Ke3 Ne6 95. Rf6 Ng5 96. Rf4+ Kg3 97. Ra4 Nh3 98. Ra8 Kg4 99. Rf8 Ng5 100. Rf4+ Kg3 101. Rf6 Kg4 102. Rf8 Kg3 103. Rf4 Nh3 104. Rf3+ Kg4 105.
Rf8 Ng5 106. Rg8 Kf5 107. Rf8+ 1/2-1/2

[Event "*** Titled Tuesday Blitz"]
[Site "Chess.com"]
[Date "2020.11.10"]
[Round "6"]
[White "Parhamov"]
[Black "exoticprincess"]
[Result "1-0"]
[WhiteElo "2960"]
[BlackElo "2878"]
[TimeControl "180+1"]
[EndTime "11:12:57 PST"]
[Termination "Parhamov won on time"]

1. e4 c6 2. Nc3 d5 3. Nf3 Bg4 4. h3 Bxf3 5. Qxf3 e6 6. g3 g6 7. Bg2 Bg7 8. O-O Ne7 9. d3 O-O 10. Qe2 a5 11. f4 a4 12. a3 Nd7 13. g4 Qa5 14. Nd1 Qa6 15. Qf2 dxe4 16. dxe4 f5 17.
gxf5 exf5 18. e5 Rfe8 19. h4 Nf8 20. Be3 Ne6 21. Nc3 h5 22. Rfd1 Rad8 23. Bb6 Rxd1+ 24.
Rxd1 Qc4 25. Be3 Qa6 26. Rd6 Nf8 27. Bf1 Qa8 28. Bc4+ Kh7 29. Qd2 b5 30. Bf7 Rc8 31.
Bc5 Qb7 32. Ba2 Bh6 33. Qd4 Bg7 34. Nd1 Nd5 35. Ne3 Nxe3 36. Qxe3 Qe7 37. Qf2 Qe8 38. Qd4 Bh6 39. e6 Bg7 40. Qe3 Rc7 41. c3 Re7 42. Kg2 Bf6 43. Kg3 Kg7 44. Bd4 Nh7 45. Bb6 Qb8 46. Rd7 Nf8 47. Rxe7+ Bxe7 48. Bd4+ Kg8 49.
Qf3 Qc7 50. Be5 Qc8 51. c4 bxc4 52. Bxc4 Nxe6 53. Qd1 Kf7 54. Qxa4 Qd7 55. Qb3 Bc5 56. a4 Ke7 57. Bxe6 Qxe6 58. Qxe6+ Kxe6 59. a5 Kd5 60.
Bb8 Kc4 61. a6 Kb3 62. a7 Bxa7 63. Bxa7 Kxb2 64. Kf3 Kc3 65. Ke3 Kc4 66. Bd4 c5 67. Be5 Kd5 68. Kd3 c4+ 69. Ke3 Kc5 70. Bc3 Kd5 71.
Bb2 Kc5 72. Bf6 Kd5 73. Be5 Kc5 74. Kd2 Kd5 75. Bf6 Ke4 76. Bg5 Kd4 77. Kc2 c3 78. Bf6+ Ke4 79. Be5 Kf3 80. Kxc3 Kg4 81. Bf6 Kxf4 82.
Kd2 Kf3 83. Ke1 Kg2 84. Bg5 Kg3 85. Ke2 Kg2 86. Ke3 Kg3 87. Ke2 Kg2 88. Be7 Kg3 89.
Bf6 Kg2 90. Ke3 Kg3 91. Bg5 f4+ 92. Ke2 f3+ 93. Kf1 Kh3 94. Kf2 Kg4 95. Be7 Kf4 96. Bd8 1-0

[Event "*** Titled Tuesday Blitz"]
[Site "Chess.com"]
[Date "2020.11.10"]
[Round "6"]
[White "Pliukha_Mikhail"]
[Black "Harsha_Bharathakoti"]
[Result "1/2-1/2"]
[WhiteElo "2486"]
[BlackElo "2785"]
[TimeControl "180+1"]
[EndTime "11:13:18 PST"]
[Termination "Game drawn by repetition"]

1. e4 d6 2. d4 Nf6 3. Nc3 g6 4. Bg5 Nbd7 5. e5 dxe5 6. dxe5 Nxe5 7. Qxd8+ Kxd8 8. O-O-O+ Bd7 9. f4 Neg4 10. Nh3 Ne3 11. Rd3 Nxf1 12. Rxf1 Ke8 13. Bxf6 exf6 14. Nd5 Bg7 15.
Nxc7+ Ke7 16. Re1+ Be6 17. f5 gxf5 18. Nf4 Bh6 19.
Nxe6 fxe6 20. Rxe6+ Kf8 21. g3 Bxf4+ 22. gxf4 Kf7 23.
Rdd6 Rhg8 24. Rxf6+ Ke7 25. Rde6+ Kd7 26. Re2 Raf8 27. Rxf8 Rxf8 28. Re5 Rg8 29. Rxf5 Rg1+ 30. Kd2 Rg2+ 31. Kc3 Rxh2 32. Rf7+ Kc6 33. f5 h5 34. f6 Rf2 35. Rf8 h4 36. f7 Kb6 37. Rh8 Rxf7 38. Rxh4 Rf3+ 39. Kb4 Rf2 40. Kb3 Rg2 41. Rh7 Kc6 42.
c4 a6 43. Kc3 Rf2 44. a3 b6 45. Rh6+ Kc7 46. b3 Rg2 47. Kb4 Kb7 48. Rh4 Rf2 49. c5 bxc5+ 50. Kxc5 Rf5+ 51. Kb4 Kb6 52. Rh6+ Kb7 53.
Ka4 Rf4+ 54. b4 Rf5 55. Re6 Rg5 56. Rf6 Rh5 57. Rf4 Rg5 58. Rc4 Rf5 59. Rc5 Rf3 60. Rh5 Rg3 61. Rh7+ Kb6 62. Rh6+ Kb7 63. Rh1 Rf3 64.
Ra1 Rf5 65. Re1 Rf3 66. Re5 Kb6 67. Re6+ Kb7 68. Rh6 Rg3 69. Rf6 Rh3 70. Rg6 Rf3 71.
Rg4 Re3 72. b5 axb5+ 73. Kb4 Re5 74. Ka5 Rf5 75. Rg6 Ka7 76. Rg7+ Kb8 77. Kb6 Kc8 78. Rc7+ Kb8 79. Rc3 Rg5 80. Rh3 Kc8 81. Kc6 Kb8 82. Rh7 Rg6+ 83. Kxb5 Rg5+ 84. Kb4 Rg4+ 85. Kc5 Rg5+ 86.
Kd4 Rg6 87. Rh3 Rg4+ 88. Kc5 Rg5+ 89. Kb6 Rg6+ 90. Kb5 Rg5+ 91. Kb4 Rg4+ 92. Kb3 Rg5 93. a4 Rg6 94. Rh7 Rg3+ 95. Kc2 Rg4 96. a5 Ra4 97.
Rh5 Kb7 98. Kb3 Ra1 99. Kb4 Rb1+ 100. Kc4 Rc1+ 101. Kb3 Rb1+ 102. Ka2 Rg1 103. Rh6 Rg5 104. a6+ Ka7 105. Kb3 Ra5 106. Kb4 Rxa6 107. Rh7+ Kb8 108. Kb5 Rf6 109. Kc5 Rg6 110. Kd5 Ra6 111. Kc5 Rg6 112. Rf7 Rg5+ 113. Kb6 Rg6+ 114. Kb5 Kc8 115. Kc5 Kb8 116. Kd5 Kc8 117. Ke5 Kd8 118. Ra7 Rb6 119. Kd5 Rh6 120. Ke5 Kc8 121. Rg7 Rh5+ 122. Kd6 Rh6+ 123. Kd5 Kb8 124. Rf7 Rg6 125. Kc5 Kc8 126. Rh7 Kd8 127. Kd5 Ke8 128. Ke5 Ra6 129. Rb7 Rc6 130. Kd5 Rh6 131. Rb1 Rg6 132. Rh1 Kf7 133. Rf1+ Kg7 134. Ke5 Rg5+ 135. Kf4 Rg6 136. Ra1 Rf6+ 137. Ke5 Rf7 138. Ra6 Re7+ 139. Kf5 Re1 140. Ra7+ Kf8 141. Rh7 Rf1+ 142. Ke6 Re1+ 143. Kf6 Rf1+ 144. Kg6 Re1 145. Ra7 Rg1+ 146. Kf6 Rf1+ 147. Ke6 Re1+ 148. Kf6 Rf1+ 149. Kg6 Rg1+ 150. Kf6 Rf1+ 1/2-1/2

[Event "*** Titled Tuesday Blitz"]
[Site "Chess.com"]
[Date "2020.11.10"]
[Round "6"]
[White "Semetey"]
[Black "InitiatingASC"]
[Result "1/2-1/2"]
[WhiteElo "2575"]
[BlackElo "2410"]
[TimeControl "180+1"]
[EndTime "11:13:31 PST"]
[Termination "Game drawn by 50-move rule"]

1. e4 c5 2. Nc3 Nc6 3. Bb5 g6 4. f4 Bg7 5. Nf3 Nd4 6. O-O Nxb5 7. Nxb5 d6 8. Kh1 Nf6 9. Qe2 O-O 10. c4 Ne8 11. d3 Nc7 12. a4 Ne6 13. Be3 a6 14. Nc3 Nd4 15. Qf2 Nc6 16. d4 cxd4 17. Nxd4 Qc7 18.
Nd5 Qd8 19. Nxc6 bxc6 20. Bb6 Qd7 21. Nc7 Rb8 22. a5 c5 23. Rad1 Bd4 24. Qh4 Bb7 25. e5 Rbc8 26. Nd5 Bxd5 27. cxd5 Bxb2 28. Rf3 dxe5 29. Rh3 h5 30. fxe5 Bxe5 31. Qg5 Qg4 32.
Qxg4 hxg4 33. Re3 Bd6 34. g3 f5 35. Rc3 f4 36. gxf4 Rxf4 37. Rdc1 c4 38. Re1 Rf2 39.
Bxf2 Bb4 40. Rec1 Bxc3 41. Rxc3 Kf7 42. Bb6 Kf6 43. Kg2 Ke5 44. Kf2 Kxd5 45. Ke2 Rh8 46. Bc7 e5 47. Re3 Rxh2+ 48. Kd1 Rh5 49. Kc2 Kd4 50. Rg3 Rg5 51. Bb6+ Ke4 52. Be3 Rf5 53. Kd2 Rf3 54. Rxg4+ Kd5 55. Bb6 c3+ 56. Kc2 Rh3 57. Rxg6 Kc4 58. Rc6+ Kb4 59. Bc5+ Kb5 60. Rc8 Kxa5 61.
Bd6 e4 62. Be5 Kb4 63. Bxc3+ Kb5 64. Re8 Rh2+ 65. Kb3 Rh4 66. Re5+ Kc6 67. Bd4 Rh3+ 68.
Kc4 Rh4 69. Ra5 Kb7 70. Re5 Kc6 71. Re6+ Kb7 72. Kc5 a5 73. Re7+ Kc8 74. Kc6 Rh6+ 75. Kb5 Rh5+ 76. Ka6 Rd5 77. Rxe4 Kd7 78. Bb6 Kc6 79.
Bxa5 Rd6 80. Ka7 Kd5 81. Rb4 Rd7+ 82. Ka6 Rd6+ 83. Bb6 Kc6 84. Rc4+ Kd5 85. Rc5+ Ke6 86. Rc8 Kd7 87. Rh8 Kc6 88. Rh7 Kd5 89. Rh5+ Kc6 90.
Rc5+ Kd7 91. Kb5 Ke6 92. Rc7 Rd5+ 93. Bc5 Rf5 94. Rc6+ Kd5 95. Rc8 Ke4 96. Rd8 Rd5 97.
Re8+ Re5 98. Rf8 Kd5 99. Rh8 Rf5 100. Rd8+ Ke4 101. Kc4 Re5 102. Rd4+ Kf5 103. Rd1 Re4+ 104. Bd4 Rf4 105. Kd5 Rf3 106. Ra1 Kg6 107. Ra8 Rf5+ 108. Be5 Kf7 109. Ra7+ Kg6 110. Ke6 Rf1 111. Rg7+ Kh6 112. Rg8 Kh7 113. Rh8+ Kg6 114. Rh2 Rf3 115. Rg2+ Kh5 116. Bf6 Re3+ 117. Kf7 Rh3 118. Rg5+ Kh6 119. Rg4 Kh5 120. Rg8 Rf3 121. Ke6 Re3+ 122. Kf5 Rf3+ 123. Ke5 Rf1 124. Be7 Re1+ 125. Kf6 Rf1+ 126. Ke6 Re1+ 127. Kf7 Rf1+ 128. Bf6 Rf2 129. Ra8 1/2-1/2